| TOP OF THE 1ST |
|
Syracuse Chiefs batting - Pitching for Oklahoma City Dodgers : LHP J.P. Blair
|
|
Pitching: LHP J.P. Blair
|
|
|
Batting: RHB Nate Dickinson
|
0-0: Ground out 6-3 (Groundball, 6, EV 81.9 MPH)
|
|
Batting: RHB Dusty Ballard
|
0-0: Swinging Strike 0-1: Foul Ball, location: 2F 0-2: Foul Ball, location: 2F 0-2: Ball 1-2: Strikes out looking
|
|
Batting: RHB Kevin Wick
|
0-0: Ground out 5-3 (Groundball, 56S, EV 86.9 MPH)
|
| Top of the 1st over - 0 runs, 0 hits, 0 errors, 0 left on base; Syracuse 0 - Oklahoma City 0 |
| BOTTOM OF THE 1ST |
|
Oklahoma City Dodgers batting - Pitching for Syracuse Chiefs : LHP Mike Tracy
|
|
Pitching: LHP Mike Tracy
|
|
|
Batting: RHB Jonathan Rangel
|
0-0: Foul Ball, location: 2F 0-1: Called Strike 0-2: Ground out 4-3 (Groundball, 4, EV 103.8 MPH)
|
|
Batting: RHB Jeremy Giesler
|
0-0: Ball 1-0: Foul Ball, location: 2F 1-1: Ball 2-1: Ball 3-1: Base on Balls
|
|
Batting: RHB Trevor Mock
|
0-0: Called Strike 0-1: Ball 1-1: Foul Ball, location: 2F 1-2: Ball 2-2: Ball 3-2: DOUBLE (Groundball, 5L, EV 105.6 MPH) Jeremy Giesler to third Runner from 3rd tries for Home, SAFE, no throw by LF
|
|
Batting: SHB Ken Welch
|
0-0: Foul Ball, location: 2F 0-1: Ball Trevor Mock steals 3rd base 1-1: Ball 2-1: Ground out 4-3 (Groundball, 6M, EV 84.4 MPH) Trevor Mock scores
|
|
Batting: RHB Mike Dodson
|
0-0: Ball 1-0: Foul Ball, location: 2F 1-1: Ball 2-1: SINGLE (Line Drive, 5D, EV 103.1 MPH)
|
|
Batting: RHB Martin Chavez
|
0-0: Foul Ball, location: 2F 0-1: Ball 1-1: Ball Wild Pitch! Mike Dodson to second 2-1: Swinging Strike 2-2: Strikes out swinging
|
| Bottom of the 1st over - 2 runs, 2 hits, 0 errors, 1 left on base; Syracuse 0 - Oklahoma City 2 |
| TOP OF THE 2ND |
|
Syracuse Chiefs batting - Pitching for Oklahoma City Dodgers : LHP J.P. Blair
|
|
Batting: RHB Rene Montoya
|
0-0: Swinging Strike 0-1: Ball 1-1: Called Strike 1-2: Foul Ball, location: 2F 1-2: Strikes out swinging
|
|
Batting: LHB Dillon Gonzalez
|
0-0: Called Strike 0-1: Ball 1-1: Ball 2-1: Ground out 4-3 (Groundball, 34, EV 84.4 MPH)
|
|
Batting: RHB Jon Buscher
|
0-0: Swinging Strike 0-1: Ball 1-1: Called Strike 1-2: Strikes out swinging
|
| Top of the 2nd over - 0 runs, 0 hits, 0 errors, 0 left on base; Syracuse 0 - Oklahoma City 2 |
| BOTTOM OF THE 2ND |
|
Oklahoma City Dodgers batting - Pitching for Syracuse Chiefs : LHP Mike Tracy
|
|
Batting: RHB Jorge Benites
|
0-0: Called Strike 0-1: Ball 1-1: Foul Ball, location: 2F 1-2: Ball 2-2: Ground out 6-3 (Groundball, 6, EV 79.4 MPH)
|
|
Batting: RHB Jose Valtierra
|
0-0: Foul Ball, location: 2F 0-1: Swinging Strike 0-2: Ball 1-2: Ball 2-2: Ground out 5-3 (Groundball, 56S, EV 75.6 MPH)
|
|
Batting: RHB Jim Rogers
|
0-0: Foul Ball, location: 2F 0-1: Ball 1-1: Swinging Strike 1-2: DOUBLE (Groundball, 5L, EV 105.6 MPH)
|
|
Batting: RHB Jonathan Rangel
|
0-0: Ball 1-0: Ball 2-0: Ball 3-0: DOUBLE (Flyball, 8RXD, EV 95.0 MPH) Jim Rogers scores
|
|
Batting: RHB Jeremy Giesler
|
0-0: Ball 1-0: Foul Ball, location: 2F 1-1: Ball 2-1: Foul Ball, location: 2F 2-2: Foul Ball, location: 2F 2-2: Fly out, F9 (Flyball, 9D, EV 102.5 MPH)
|
| Bottom of the 2nd over - 1 run, 2 hits, 0 errors, 1 left on base; Syracuse 0 - Oklahoma City 3 |
| TOP OF THE 3RD |
|
Syracuse Chiefs batting - Pitching for Oklahoma City Dodgers : LHP J.P. Blair
|
|
Batting: RHB Niek de Haan
|
0-0: Called Strike 0-1: Called Strike 0-2: Ball 1-2: SINGLE (Groundball, 4MD, EV 95.0 MPH)
|
|
Batting: LHB Dana McDonald
|
0-0: Ball Niek de Haan steals 2nd base 1-0: Fly out, F9 (Line Drive, 9D, EV 106.2 MPH) Runner from 2nd tags up, SAFE at 3rd, no throw by RF
|
|
Batting: LHB Kyung-jin Cho
|
0-0: Called Strike 0-1: Called Strike Steal of home, Niek de Haan is out 0-2: Ground out 1-3 (Groundball, 13S, EV 67.5 MPH)
|
| Top of the 3rd over - 0 runs, 1 hit, 0 errors, 0 left on base; Syracuse 0 - Oklahoma City 3 |
| BOTTOM OF THE 3RD |
|
Oklahoma City Dodgers batting - Pitching for Syracuse Chiefs : LHP Mike Tracy
|
|
Batting: RHB Trevor Mock
|
0-0: Foul Ball, location: 2F 0-1: Swinging Strike 0-2: Ball 1-2: Strikes out swinging
|
|
Batting: SHB Ken Welch
|
0-0: Ball 1-0: Ball 2-0: SINGLE (Line Drive, 7LS, EV 91.9 MPH)
|
|
Batting: RHB Mike Dodson
|
0-0: Called Strike 0-1: Ball 1-1: Ball 2-1: Foul Ball, location: 2F 2-2: Strikes out swinging
|
|
Batting: RHB Martin Chavez
|
0-0: SINGLE (Groundball, 34D, EV 97.5 MPH) Ken Welch to second
|
|
Batting: RHB Jorge Benites
|
0-0: Ball 1-0: Ball 2-0: Fielders Choice at 2nd, 6-4 (Groundball, 6, EV 82.5 MPH)
|
| Bottom of the 3rd over - 0 runs, 2 hits, 0 errors, 2 left on base; Syracuse 0 - Oklahoma City 3 |
| TOP OF THE 4TH |
|
Syracuse Chiefs batting - Pitching for Oklahoma City Dodgers : LHP J.P. Blair
|
|
Batting: RHB Nate Dickinson
|
0-0: Foul Ball, location: 2F 0-1: Ball 1-1: Ball 2-1: Ball 3-1: Base on Balls
|
|
Batting: RHB Dusty Ballard
|
0-0: Ball 1-0: Ball 2-0: Foul Ball, location: 2F 2-1: Ball 3-1: Called Strike 3-2: Strikes out swinging
|
|
Batting: RHB Kevin Wick
|
0-0: Called Strike Nate Dickinson steals 2nd base 0-1: Foul Ball, location: 2F 0-2: Fly out, F8 (Flyball, 8RD, EV 100.6 MPH)
|
|
Batting: RHB Rene Montoya
|
0-0: Ball 1-0: Ground out U3 (Groundball, 3L, EV 86.2 MPH)
|
| Top of the 4th over - 0 runs, 0 hits, 0 errors, 1 left on base; Syracuse 0 - Oklahoma City 3 |
| BOTTOM OF THE 4TH |
|
Oklahoma City Dodgers batting - Pitching for Syracuse Chiefs : LHP Mike Tracy
|
|
Batting: RHB Jose Valtierra
|
0-0: Ball 1-0: Ball 2-0: Ground out 6-3 (Groundball, 6, EV 80.0 MPH)
|
|
Batting: RHB Jim Rogers
|
0-0: Called Strike 0-1: Ball 1-1: Fly out, F8 (Flyball, 8LD, EV 93.8 MPH)
|
|
Batting: RHB Jonathan Rangel
|
0-0: Ground out 4-3 (Groundball, 4, EV 102.5 MPH)
|
| Bottom of the 4th over - 0 runs, 0 hits, 0 errors, 0 left on base; Syracuse 0 - Oklahoma City 3 |
| TOP OF THE 5TH |
|
Syracuse Chiefs batting - Pitching for Oklahoma City Dodgers : LHP J.P. Blair
|
|
Batting: LHB Dillon Gonzalez
|
0-0: Fly out, F9 (Flyball, 9S, EV 93.8 MPH)
|
|
Batting: RHB Jon Buscher
|
0-0: Called Strike 0-1: Ball 1-1: Foul Ball, location: 2F 1-2: Ground out 5-3 (Groundball, 56, EV 91.2 MPH)
|
|
Batting: RHB Niek de Haan
|
0-0: Called Strike 0-1: Called Strike 0-2: Foul Ball, location: 2F 0-2: Strikes out looking
|
| Top of the 5th over - 0 runs, 0 hits, 0 errors, 0 left on base; Syracuse 0 - Oklahoma City 3 |
| BOTTOM OF THE 5TH |
|
Oklahoma City Dodgers batting - Pitching for Syracuse Chiefs : LHP Mike Tracy
|
|
Batting: RHB Jeremy Giesler
|
0-0: Swinging Strike 0-1: Foul Ball, location: 2F 0-2: Ball 1-2: Strikes out looking
|
|
Batting: RHB Trevor Mock
|
0-0: Fly out, F8 (Flyball, 8LD, EV 76.9 MPH)
|
|
Batting: SHB Ken Welch
|
0-0: Foul Ball, location: 2F 0-1: Ball 1-1: Foul Ball, location: 2F 1-2: Ball 2-2: Foul Ball, location: 2F 2-2: SINGLE (Groundball, 56D, EV 107.5 MPH)
|
|
Batting: RHB Mike Dodson
|
0-0: Fly out, F7 (Flyball, 78M, EV 73.1 MPH)
|
| Bottom of the 5th over - 0 runs, 1 hit, 0 errors, 1 left on base; Syracuse 0 - Oklahoma City 3 |
| TOP OF THE 6TH |
|
Syracuse Chiefs batting - Pitching for Oklahoma City Dodgers : LHP J.P. Blair
|
|
Batting: LHB Dana McDonald
|
0-0: Ball 1-0: Ball 2-0: Called Strike 2-1: Foul Ball, location: 2F 2-2: Strikes out looking
|
|
Batting: LHB Kyung-jin Cho
|
0-0: Ball 1-0: SINGLE (Line Drive, 7S, EV 103.8 MPH)
|
|
Batting: RHB Nate Dickinson
|
0-0: Ball 1-0: Ball 2-0: Called Strike 2-1: Called Strike 2-2: Foul Ball, location: 2F 2-2: Strikes out looking
|
|
Batting: RHB Dusty Ballard
|
0-0: Called Strike Kyung-jin Cho steals 2nd base 0-1: Ball 1-1: Ball 2-1: Swinging Strike 2-2: Foul Ball, location: 2F 2-2: Foul Ball, location: 2F 2-2: Ground out 4-3 (Groundball, 4, EV 85.6 MPH)
|
| Top of the 6th over - 0 runs, 1 hit, 0 errors, 1 left on base; Syracuse 0 - Oklahoma City 3 |
| BOTTOM OF THE 6TH |
|
Oklahoma City Dodgers batting - Pitching for Syracuse Chiefs : LHP Mike Tracy
|
|
Batting: RHB Martin Chavez
|
0-0: Called Strike 0-1: Called Strike 0-2: Ball 1-2: Ground out 6-3 (Groundball, 6, EV 84.4 MPH)
|
|
Batting: RHB Jorge Benites
|
0-0: Ball 1-0: Foul Ball, location: 2F 1-1: Fly out, F7 (Flyball, 7, EV 90.6 MPH)
|
|
Batting: RHB Jose Valtierra
|
0-0: Called Strike 0-1: SINGLE (Groundball, 56, EV 105.0 MPH) (infield hit)
|
|
Pitching: RHP Johnny Marquez
|
|
|
Batting: RHB Jim Rogers
|
0-0: Swinging Strike 0-1: Ball 1-1: Fly out, F8 (Flyball, 89M, EV 91.9 MPH)
|
| Bottom of the 6th over - 0 runs, 1 hit, 0 errors, 1 left on base; Syracuse 0 - Oklahoma City 3 |
| TOP OF THE 7TH |
|
Syracuse Chiefs batting - Pitching for Oklahoma City Dodgers : LHP J.P. Blair
|
|
Batting: RHB Kevin Wick
|
0-0: Called Strike 0-1: Fly out, F7 (Flyball, 78S, EV 90.0 MPH)
|
|
Batting: RHB Rene Montoya
|
0-0: Ball 1-0: Ball 2-0: Ball 3-0: Ground out 6-3 (Groundball, 56, EV 80.6 MPH)
|
|
Batting: LHB Dillon Gonzalez
|
0-0: Ball 1-0: Foul Ball, location: 2F 1-1: Ball 2-1: Swinging Strike 2-2: Foul Ball, location: 2F 2-2: Strikes out swinging
|
| Top of the 7th over - 0 runs, 0 hits, 0 errors, 0 left on base; Syracuse 0 - Oklahoma City 3 |
| BOTTOM OF THE 7TH |
|
Oklahoma City Dodgers batting - Pitching for Syracuse Chiefs : RHP Johnny Marquez
|
|
Batting: RHB Jonathan Rangel
|
0-0: Foul Ball, location: 2F 0-1: Called Strike 0-2: Foul Ball, location: 2F 0-2: Foul Ball, location: 2F 0-2: Ball 1-2: Ground out 4-3 (Groundball, 4, EV 103.8 MPH)
|
|
Batting: RHB Jeremy Giesler
|
0-0: Ball 1-0: Foul Ball, location: 2F 1-1: Foul Ball, location: 2F 1-2: Ball 2-2: SINGLE (Groundball, 3D, EV 98.1 MPH)
|
|
Batting: RHB Trevor Mock
|
Pickoff Throw to First - Out! 1-3 CS 0-0: Foul Ball, location: 2F 0-1: Foul Ball, location: 2F 0-2: SINGLE (Line Drive, 9S, EV 110.0 MPH)
|
|
Batting: SHB Ken Welch
|
0-0: Ball Trevor Mock steals 2nd base 1-0: Called Strike 1-1: Swinging Strike 1-2: Fly out, F4 (Popup, 13S, EV 91.9 MPH)
|
| Bottom of the 7th over - 0 runs, 2 hits, 0 errors, 1 left on base; Syracuse 0 - Oklahoma City 3 |
| TOP OF THE 8TH |
|
Syracuse Chiefs batting - Pitching for Oklahoma City Dodgers : LHP J.P. Blair
|
|
Batting: RHB Jon Buscher
|
0-0: Ball 1-0: Called Strike 1-1: Ball 2-1: Ball 3-1: SOLO HOME RUN (Flyball, 7D, EV 96.9 MPH), Distance : 378 ft
|
|
Batting: RHB Niek de Haan
|
0-0: Ball 1-0: Called Strike 1-1: Ball 2-1: Swinging Strike 2-2: Strikes out looking
|
|
Batting: LHB Dana McDonald
|
0-0: Ball 1-0: Called Strike 1-1: Foul Ball, location: 2F 1-2: Ball 2-2: Strikes out looking
|
|
Batting: LHB Kyung-jin Cho
|
0-0: Ball 1-0: Ball 2-0: Called Strike 2-1: Ball 3-1: Called Strike 3-2: Strikes out looking
|
| Top of the 8th over - 1 run, 1 hit, 0 errors, 0 left on base; Syracuse 1 - Oklahoma City 3 |
| BOTTOM OF THE 8TH |
|
Oklahoma City Dodgers batting - Pitching for Syracuse Chiefs : RHP Johnny Marquez
|
|
Batting: RHB Mike Dodson
|
0-0: Called Strike 0-1: Foul Ball, location: 2F 0-2: Fly out, F8 (Flyball, 8RM, EV 95.6 MPH)
|
|
Batting: RHB Martin Chavez
|
0-0: Called Strike 0-1: Foul Ball, location: 2F 0-2: Ball 1-2: Ball 2-2: DOUBLE (Line Drive, 9LM, EV 105.6 MPH)
|
|
Batting: RHB Jorge Benites
|
0-0: Ball 1-0: Called Strike 1-1: Called Strike 1-2: Strikes out looking
|
|
Batting: RHB Jose Valtierra
|
0-0: Ground out 4-3 (Groundball, 4, EV 80.0 MPH)
|
| Bottom of the 8th over - 0 runs, 1 hit, 0 errors, 1 left on base; Syracuse 1 - Oklahoma City 3 |
| TOP OF THE 9TH |
|
Syracuse Chiefs batting - Pitching for Oklahoma City Dodgers : LHP J.P. Blair
|
|
Pitching: RHP Jared Wisham
|
|
|
Batting: RHB Nate Dickinson
|
0-0: Ball 1-0: Foul Ball, location: 2F 1-1: Ground out 5-3 (Groundball, 56S, EV 75.6 MPH)
|
|
Batting: RHB Dusty Ballard
|
0-0: Called Strike 0-1: Foul Ball, location: 2F 0-2: Foul Ball, location: 2F 0-2: Strikes out looking
|
|
Batting: LHB Jae-ik Soung
|
0-0: Foul Ball, location: 2F 0-1: Fly out, F7 (Flyball, 78S, EV 92.5 MPH)
|
| Top of the 9th over - 0 runs, 0 hits, 0 errors, 0 left on base; Syracuse 1 - Oklahoma City 3 |
|